 Dungeon Crawl Stone Soup version 0.31-a0-237-g2d982f9f85 (webtiles) character file.

Game seed: 15564207282029386679

185 qw the Shooter (level 5, 0/45 HPs)
             Began as a Minotaur Hexslinger on July 10, 2023.
             Slain by Ijyb
             ... wielding a +0 club
              (2 damage)
             ... on level 3 of the Dungeon.
             The game lasted 00:00:45 (1915 turns).

qw the Shooter (Minotaur Hexslinger)                Turns: 1915, Time: 00:00:46

Health: 0/45       AC:  5    Str: 12    XL:     5   Next: 37%
Magic:  5/5        EV: 11    Int: 10    God:
Gold:   106        SH:  0    Dex: 15    Spells: 5/6 levels left

rFire   . . .        Y - +1 sling
rCold   . . .        (no shield)
rNeg    . . .        g - +0 ring mail
rPois   +            (helmet restricted)
rElec   .            (no cloak)
rCorr   .            (no gloves)
SInv    .            (no boots)
Will    .....        (no amulet)
Stlth   +            j - ring of poison resistance
HPRegen 0.27/turn    (no ring)
MPRegen 0.09/turn

%: no passive effects
@: no status effects
A: horns 2, retaliatory headbutt
a: no special abilities


You were on level 3 of the Dungeon.
You visited 1 branch of the dungeon, and saw 3 of its levels.

You collected 106 gold pieces.


Innate Abilities, Weirdness & Mutations

You have a pair of horns on your head.
You reflexively headbutt those who attack you in melee.


   Skills:
 - Level 3.0 Fighting
 + Level 5.5 Ranged Weapons
 - Level 1.0 Armour
 - Level 2.1 Dodging
 - Level 1.0 Spellcasting
 - Level 2.0 Hexes


You had 5 spell levels left.
You knew the following spells:

 Your Spells              Type           Power      Damage    Failure   Level
a - Slow                  Hex            16%        N/A       34%         1

Your spell library contained the following spells:

 Spells                   Type           Power      Damage    Failure   Level
 Inner Flame              Hex/Fire       2%         N/A       83%         3
 Portal Projectile        Hex/Tloc       4%         N/A       83%         3
 Cause Fear               Hex            2%         N/A       98%         4

Inventory:

Hand Weapons
 Y - a +1 sling (weapon)
Armour
 g - a +0 ring mail (worn)
Jewellery
 j - a ring of poison resistance (left hand)
Scrolls
 b - a scroll of revelation {unknown}
 e - a scroll of identify
 h - a scroll of enchant armour
Potions
 a - a potion of enlightenment {unknown}
 c - a potion of invisibility {unknown}
 d - a potion of brilliance {unknown}

Dungeon Overview and Level Annotations

Branches:
Dungeon (3/15)

Altars:
Zin

Shops:
D:1 ?

Annotations:
D:3 Ijyb


Message History

The bat closely misses you. You furiously retaliate!
You headbutt the bat. Ijyb barely misses you.
You shoot a sling bullet.
The sling bullet hits Ijyb but does no damage.
Ijyb is lightly wounded.
The bat closely misses you. Ijyb closely misses you. Ijyb misses you.
You shoot a sling bullet. The sling bullet hits the bat!
You kill the bat!
The bat closely misses you. You furiously retaliate!
You headbutt the bat, but do no damage. Ijyb closely misses you.
You shoot a sling bullet. The sling bullet hits Ijyb.
Ijyb is moderately wounded.
The bat misses you. Ijyb hits you with a +0 club.
You shoot a sling bullet. The sling bullet barely misses Ijyb.
The bat closely misses you. Ijyb barely misses you.
The bat hits you but does no damage.
You shoot a sling bullet. The sling bullet hits Ijyb.
Ijyb is heavily wounded.
The bat hits you. Ijyb hits you with a +0 club. The bat closely misses you.
Ijyb hits you but does no damage.
You shoot a sling bullet. The sling bullet closely misses Ijyb.
The bat hits you but does no damage. Ijyb completely misses you.
You shoot a sling bullet. The sling bullet hits Ijyb.
Ijyb is heavily wounded.
The bat closely misses you. The bat barely misses you.
Ijyb hits you but does no damage.
You shoot a sling bullet. The sling bullet closely misses Ijyb.
The bat hits you but does no damage. Ijyb hits you with a +0 club.
You shoot a sling bullet.
The sling bullet completely misses Ijyb.
The bat barely misses you. You furiously retaliate!
You headbutt the bat. Ijyb barely misses you. You furiously retaliate!
You headbutt Ijyb. Ijyb barely misses you.
You shoot a sling bullet.
The sling bullet hits Ijyb but does no damage.
Ijyb is severely wounded.
The bat barely misses you. Ijyb hits you with a +0 club.
You shoot a sling bullet. The sling bullet barely misses Ijyb.
The bat hits you but does no damage. Ijyb hits you with a +0 club.
You die...

8#....~# ### ##.....~
#.. ....... #.# # .....
#.# #. .... #.#
#.##..## .. #.#
#....gb#....
#######<####.#%@..)....
#..)........###........
#.#####.####.#%.#.#....
#.# #..##......
#.#####.### ### #
#.........# #####.#.###
.##..# ####


You could see Ijyb and a bat.

Vanquished Creatures
  2 vampire bats (D:3)
  Jessica (D:2)
  2 worms (D:2)
  A dart slug (D:3)
  An orc (D:3)
  6 ball pythons
  9 bats
  5 endoplasms
  2 giant cockroaches (D:1)
  6 goblins
  A hobgoblin (D:1)
  8 jackals (D:2)
  2 quokkas
  12 frilled lizards
  8 kobolds
  4 rats
70 creatures vanquished.

Notes
Turn   | Place    | Note
-------+----------+-------------------------------------------
     0 | D:1      | qw the Minotaur Hexslinger began the quest for the Orb.
     0 | D:1      | Reached XP level 1. HP: 16/16 MP: 1/1
     0 | D:1      | 0 ||| qw: Version: 0.3-a-52-g30416fa
     0 | D:1      | 0 ||| qw: Game counter: 5083
     0 | D:1      | 0 ||| qw: Melee chars always use a shield: true
     0 | D:1      | 0 ||| qw: God list: Okawaru
     0 | D:1      | 0 ||| qw: Allow faded altars: false
     0 | D:1      | 0 ||| qw: Do Orc after clearing Dungeon:15 true
     0 | D:1      | 0 ||| qw: Do second Lair branch before Depths: true
     0 | D:1      | 0 ||| qw: Lair rune preference: random
     0 | D:1      | 0 ||| qw: Goals: Normal
     0 | D:1      | 0 ||| PLANNING D:1-11
   106 | D:1      | 106 ||| FLEEEEING.
   107 | D:1      | 107 ||| FLEEEEING.
   108 | D:1      | 108 ||| FLEEEEING.
   109 | D:1      | 109 ||| FLEEEEING.
   110 | D:1      | 110 ||| FLEEEEING.
   154 | D:1      | Reached skill level 3 in Ranged Weapons
   154 | D:1      | Reached XP level 2. HP: 23/23 MP: 2/2
   189 | D:1      | Found Qeprif's Magic Scroll Boutique.
   197 | D:1      | 197 ||| SHOPLISTING scroll of enchant weapon (75 gold, have
                  | 19).
   197 | D:1      | 197 ||| SHOPLISTING scroll of identify (20 gold, have 19).
   239 | D:1      | Found a faded altar of an unknown god.
   582 | D:1      | Reached XP level 3. HP: 29/29 MP: 3/3
   708 | D:1      | 708 ||| UPGRADING to +0 ring mail.
   718 | D:1      | 718 ||| DROPPING +0 robe.
   719 | D:1      | 719 ||| READING scroll labelled GONOAD ZIUR.
   720 | D:1      | 720 ||| READING 2 scrolls labelled ELOECK JAPONI.
   721 | D:1      | 721 ||| READING scroll labelled SONOLI TULUWN.
   722 | D:1      | 722 ||| READING scroll labelled QEXTEJ BINEBE.
   725 | D:1      | 725 ||| DROPPING scroll of poison.
   776 | D:2      | Noticed Jessica
   784 | D:2      | HP: 7/29 [Jessica/puff of flame (6)]
   785 | D:2      | Killed Jessica
   786 | D:2      | Reached skill level 4 in Ranged Weapons
   987 | D:2      | Reached XP level 4. HP: 36/36 MP: 4/4
  1004 | D:2      | Reached skill level 1 in Armour
  1118 | D:2      | Found a glowing silver altar of Zin.
  1629 | D:2      | 1629 ||| UPGRADING to ring of poison resistance.
  1630 | D:2      | 1630 ||| READING scroll labelled IZU VIHAFIRCHAX.
  1731 | D:2      | 1731 ||| READING scroll labelled ULOAJI NAUXZIK.
  1732 | D:2      | 1732 ||| READING scroll labelled ZIRIAC FUESHROE.
  1887 | D:3      | Noticed Ijyb
  1893 | D:3      | Reached skill level 5 in Ranged Weapons
  1893 | D:3      | Reached XP level 5. HP: 32/41 MP: 5/5
  1897 | D:3      | Reached skill level 3 in Fighting
  1900 | D:3      | HP: 11/45 [Ijyb/+0 club (3)]
  1907 | D:3      | HP: 6/45 [Ijyb/+0 club (1)]
  1912 | D:3      | HP: 3/45 [Ijyb/+0 club (3)]
  1914 | D:3      | HP: 1/45 [Ijyb/+0 club (2)]
  1915 | D:3      | Slain by Ijyb

Levels and vault maps discovered:
D:1:      wander_arrival_fairy_ring, layout_basic, basic_ecumenical_altar,
          serial_shops, shop, minmay_splitting_lines, minmay_lizard_king
D:2:      layout_basic, basic_altar, uniq_jessica
D:3:      layout_loops_ring, kennysheep_decorative_pillar, roderic_batcave,
          kennysheep_nondescript, uniq_robin, uniq_ijyb

Skill      XL: |  1  2  3  4  5 |
---------------+----------------+-----
Ranged Weapons | 3 4 5 |  5.5
Fighting       | 2 3 |  3.0
Armour         | 1 |  1.0
Dodging        | |  2.1
Spellcasting   | |  1.0
Hexes          | |  2.0

Action                     |  1- 3 |  4- 6 || total
---------------------------+-------+-------++-------
   Fire: Sling             |    92 |    94 ||   186
    Use: Scroll            |     4 |     3 ||     7
 Armour: Robe              |     3 |       ||     3
         Ring mail         |     1 |    50 ||    51
  Dodge: Dodged            |    18 |    72 ||    90

Table legend:
 A = Non-vault XP
 B = Vault XP
 C = Vault XP percentage of total XP
 D = Non-vault monster count
 E = Vault monster count
 F = Vault count percentage of total count
                 A         B        C        D         E       F
            +---------+---------+-------+---------+---------+-------
      Total |      98 |     167 |  63.0 |      50 |      20 |  28.6
            +---------+---------+-------+---------+---------+-------
        D:1 |      33 |      11 |  25.0 |      20 |      11 |  35.5
        D:2 |      51 |      37 |  42.0 |      24 |       1 |   4.0
        D:3 |      14 |     119 |  89.5 |       6 |       8 |  57.1
            +---------+---------+-------+---------+---------+-------
